 Dungeon Crawl Stone Soup version 0.25.0-37-gb73750e0fb (webtiles) character file.

Game seed: 7862414822238038748

6086 xccam the Slicer (level 10, 0/66 HPs)
             Began as an Octopode Assassin on July 9, 2020.
             Was a Follower of Uskayaw.
             Slain by a sky beast (3 damage)
             ... on level 8 of the Dungeon.
             The game lasted 00:15:30 (12812 turns).

xccam the Slicer (Octopode Assassin)               Turns: 12812, Time: 00:15:31

Health: 0/66       AC:  1    Str: 11    XL:     10   Next: 88%
Magic:  0/16       EV: 17    Int: 14    God:    Uskayaw [*.....]
Gold:   478        SH:  0    Dex: 16    Spells: 9/9 levels left

rFire    . . .     SeeInvis .   q - +1 dagger (venom)
rCold    . . .     Gourm    .   (no shield)
rNeg     . . .     Faith    .   (helmet restricted)
rPois    +         Spirit   +   k - amulet of guardian spirit
rElec    .         Reflect  .   t - ring of poison resistance
rCorr    .         Harm     .   (no ring)
MR       .....                  (no ring)
Stlth    +++++.....             (no ring)
HPRegen  0.21/turn              (no ring)
MPRegen  0.15/turn              (no ring)
                                (no ring)
                                (no ring)

@: mighty
A: almost no armour, stealthy swim, amphibious, 8 rings, constrict 8, camouflage
1, gelatinous body 1
a: Stomp, Renounce Religion


You were on level 8 of the Dungeon.
You worshipped Uskayaw.
Uskayaw was aware of your devotion.
You were not hungry.

You visited 2 branches of the dungeon, and saw 10 of its levels.

You collected 478 gold pieces.

Inventory:

Hand Weapons
 a - a +2 dagger
 f - a +4 short sword
 q - a +1 dagger of venom (weapon)
 r - a +0 rapier
Missiles
 b - 78 poisoned darts (quivered)
 c - 2 curare-tipped darts
Jewellery
 k - an amulet of guardian spirit (around mantle)
 t - a ring of poison resistance (left tentacle)
Wands
 o - a wand of random effects (15)
 u - a wand of acid (4)
Scrolls
 e - 2 scrolls of fog
 g - 4 scrolls of remove curse
 h - 3 scrolls of amnesia
 i - 2 scrolls of immolation
 l - a scroll of enchant weapon {unknown}
 s - a scroll of torment {unknown}
 w - a scroll of blinking {unknown}
 y - 2 scrolls of identify
Potions
 j - 2 potions of flight
 n - a potion of mutation
 p - a potion of lignification {unknown}
 v - a potion of might
 x - a potion of degeneration {unknown}
Comestibles
 d - 18 rations
 z - a chunk of flesh


   Skills:
 + Level 5.4 Fighting
 - Level 10.4 Short Blades
 - Level 2.0 Throwing
 + Level 6.6 Dodging
 - Level 8.0 Stealth
 + Level 8.8 Invocations


You had 9 spell levels left.
You didn't know any spells.
Your spell library contained the following spells:

 Spells                   Type           Power        Failure   Level  Hunger
 Confusing Touch          Hex            #.......     65%         3    ####...
 Gell's Gravitas          Tloc           #.........   65%         3    ####...
 Petrify                  Tmut/Erth      #.......     96%         4    #####..
 Metabolic Englaciation   Hex/Ice        #.........   100%        5    ######.
 Yara's Violent Unravell  Hex/Tmut       #.........   100%        5    ######.


Dungeon Overview and Level Annotations

Branches:
Dungeon (9/15)             Temple (1/1) D:4
   Lair: D:8-11         Orc: D:9-12

Altars:
Ashenzari
Cheibriados
Dithmenos
Elyvilon
Fedhas
Gozag
Hepliaklqana
Makhleb
Nemelex Xobeh
Okawaru
Qazlal
Ru
Trog
Uskayaw
Vehumet
Wu Jian
Xom
Yredelemnul
The Shining One

Shops:
D:5 (


Innate Abilities, Weirdness & Mutations

You cannot wear most types of armour.
You are very stealthy in the water. (Stealth+)
You are amphibious.
You can wear up to eight rings at the same time.
You can use your tentacles to constrict eight enemies at once.
Your skin changes colour to match your surroundings (Stealth+).
Your rubbery body absorbs attacks. (AC +1, EV +1)


Message History

* * * LOW HITPOINT WARNING * * *
Something hits you but does no damage.
Deactivating autopickup; reactivate with Ctrl-A.
The killer bee completely misses you.
Unknown command.
Okay, then.
It was a potion of might.
You feel very mighty all of a sudden. The killer bee stings you.
* * * LOW HITPOINT WARNING * * *
The killer bee barely misses you. The killer bee stings you!
* * * LOW HITPOINT WARNING * * *
Something hits you but does no damage. The killer bee stings you!
* * * LOW HITPOINT WARNING * * *
You feel better. The killer bee barely misses you. The killer bee stings you.
* * * LOW HITPOINT WARNING * * *
The killer bee stings you.
* * * LOW HITPOINT WARNING * * *
Something hits you.
You die...

##.........# ###
#.# #........##
##.# #.#
##.>.....# ##..#
##.# #.......##
##...# #..####
#.....#..###....#
#..#..#
##...###..#.....#
#.....# ##.##
#.......##
#.....# ###
##..y...#
##....## #{@y...#
#.....# ########
##...## ##.## ###


You could see 2 killer bees.

Vanquished Creatures
  2 two-headed ogres
  Pikel (D:4)
  A queen bee (D:8)
  Grinder (D:4)
  A meliai zombie (D:7)
  2 hippogriffs (D:7)
  Edmund (D:4)
  An orc warrior (D:8)
  2 ice beasts
  A black bear (D:8)
  An eye of draining (D:7)
  An ogre (D:8)
  A sky beast (D:7)
  2 slaves (D:4)
  2 centaurs
  4 bullfrogs
  2 scorpions
  14 killer bees (D:8)
  A howler monkey (D:5)
  3 wights
  4 crimson imps
  A bullfrog zombie (D:5)
  2 centaur zombies (D:7)
  A jelly (D:7)
  A bullfrog skeleton (D:6)
  3 hounds
  4 orc priests
  Crazy Yiuf (D:3)
  A gnoll shaman (D:4)
  6 orc wizards
  A centaur skeleton (D:4)
  6 worker ants
  A hound zombie (D:4)
  2 hound skeletons
  A worker ant zombie (D:7)
  Robin (D:3)
  13 adders
  13 gnolls
  2 howler monkey skeletons (D:7)
  3 shadow imps
  An adder zombie (D:9)
  3 adder skeletons
  2 worms (D:2)
  3 dart slugs
  4 leopard geckos
  35 orcs
  11 giant cockroaches
  15 goblins
  16 hobgoblins
  10 jackals
  A quokka (D:5)
  A ball python (D:4)
  8 bats
  2 frilled lizards
  A jackal skeleton (D:6)
  6 kobolds
  2 leopard gecko skeletons
  A leopard gecko zombie (D:5)
  7 rats
240 creatures vanquished.

Vanquished Creatures (others)
  A giant cockroach (D:4)
1 creature vanquished.

Grand Total: 241 creatures vanquished

Notes
Turn   | Place    | Note
-------+----------+-------------------------------------------
     0 | D:1      | xccam the Octopode Assassin began the quest for the Orb.
     0 | D:1      | Reached XP level 1. HP: 14/14 MP: 1/1
   221 | D:1      | Reached XP level 2. HP: 19/19 MP: 2/2
   532 | D:1      | Reached skill level 3 in Short Blades
   754 | D:1      | Reached XP level 3. HP: 24/24 MP: 3/3
   983 | D:2      | Reached skill level 4 in Short Blades
  1036 | D:2      | Reached XP level 4. HP: 24/29 MP: 4/4
  1206 | D:2      | Found an iron altar of Okawaru.
  1925 | D:2      | Reached skill level 5 in Short Blades
  1928 | D:2      | Reached XP level 5. HP: 23/34 MP: 3/5
  2165 | D:3      | Found a glowing golden altar of the Shining One.
  2165 | D:3      | Found a burning altar of Makhleb.
  2165 | D:3      | Found a sacrificial altar of Ru.
  2660 | D:3      | Noticed Robin
  2696 | D:3      | Killed Robin
  2994 | D:3      | Found a shimmering altar of Xom.
  3155 | D:3      | Found a runed translucent door.
  3156 | D:3      | Noticed Crazy Yiuf
  3351 | D:3      | Killed Crazy Yiuf
  3351 | D:3      | Reached skill level 6 in Short Blades
  3351 | D:3      | Reached XP level 6. HP: 16/39 MP: 3/6
  4007 | D:4      | Noticed Edmund
  4011 | D:4      | Killed Edmund
  4063 | D:4      | Reached XP level 7. HP: 35/46 MP: 4/7
  4173 | D:4      | Found a staircase to the Ecumenical Temple.
  4225 | D:4      | Noticed Pikel
  4244 | Temple   | Entered the Ecumenical Temple
  5265 | D:4      | Found a hide-covered altar of Uskayaw.
  5265 | D:4      | Noticed Grinder
  5266 | D:4      | Paralysed by Grinder for 3 turns
  5284 | D:4      | Killed Grinder
  5284 | D:4      | Reached skill level 7 in Short Blades
  5287 | D:4      | Became a worshipper of Uskayaw the Reveler
  5644 | D:4      | Reached * piety under Uskayaw
  5653 | D:4      | Killed Pikel
  5653 | D:4      | Reached skill level 9 in Short Blades
  5653 | D:4      | Reached XP level 8. HP: 17/54 MP: 3/8
  5866 | D:4      | Found a blossoming altar of Fedhas.
  6026 | D:5      | Entered Level 5 of the Dungeon
  6044 | D:5      | Reached ** piety under Uskayaw
  6758 | D:5      | Reached skill level 10 in Short Blades
  6851 | D:5      | Found Winlaq's Weapon Shoppe.
  7227 | D:6      | Reached skill level 1 in Invocations
  7344 | D:6      | Reached XP level 9. HP: 58/58 MP: 8/10
  7498 | D:6      | Reached *** piety under Uskayaw
  8248 | D:7      | Reached **** piety under Uskayaw
  9105 | D:7      | Reached skill level 5 in Invocations
  9607 | D:7      | Found a stormy altar of Qazlal.
 10468 | D:8      | Reached ***** piety under Uskayaw
 10778 | D:8      | Reached XP level 10. HP: 63/63 MP: 13/15
 11417 | D:8      | Reached skill level 5 in Dodging
 11918 | D:8      | Noticed a two-headed ogre
 11947 | D:8      | Killed a two-headed ogre
 12758 | D:9      | Noticed a two-headed ogre
 12771 | D:9      | Killed a two-headed ogre
 12771 | D:9      | Reached skill level 5 in Fighting
 12811 | D:8      | HP: 1/66 [killer bee (7)]
 12812 | D:8      | Slain by a sky beast

Illustrated notes

Levels and vault maps discovered:
D:1:      psy_arrival_fountain, layout_loops_cross,
          chequers_serial_rivers_micro_c, minmay_split_cup_large
D:2:      minmay_roachtagon, layout_basic, overflow_temple_1_default,
          first_ration
D:3:      layout_loops_corners, gammafunk_temple_overflow_forgotten,
          lemuel_crystal_altar, corexii_corridor_pit, uniq_robin,
          uniq_crazy_yiuf_cottage
D:4:      layout_basic, old_standard_altar, minmay_temple_entry_slanted,
          fedhas_altar_1, uniq_grinder, uniq_edmund, uniq_pikel
D:5:      layout_loops_corners, serial_shops, nicolae_shop_trees,
          minmay_increasing_density
D:6:      layout_loops_corners, grunt_ministairs_3
D:7:      layout_loops_corners, grunt_qazlal_sundering
D:8:      layout_cave_pods, david_nohive_1, st_stairs_8, wad_dig_loot
D:9:      layout_cave_pools, old_standard_altar,
          lemuel_zombie_altar_kikubaaqudgha, led_sif_book, lair_entry_dummy,
          serial_gnoll_camp, gnoll_camp_mini_doghouse, gnoll_camp_mini_basic,
          gnoll_camp_huts_basic, gnoll_camp_mini_loothouse, gnoll_camp_mini_hut,
          basic_altar
Temple:   chequers_temple_sunken

Skill      XL: |  1  2  3  4  5  6  7  8  9 10 |
---------------+-------------------------------+-----
Short Blades   | 3 4 5 6 9 10 | 10.4
Fighting       | 3 4 5 |  5.4
Invocations    | 1 6 8 |  8.8
Stealth        | 8 |  8.0
Dodging        | 3 6 |  6.6
Throwing       | |  2.0

Action                   |  1- 3 |  4- 6 |  7- 9 | 10-12 || total
-------------------------+-------+-------+-------+-------++-------
Melee: Dagger            |    49 |   123 |   336 |   189 ||   697
       Constrict         |    14 |    29 |    53 |    38 ||   134
       Tentacles         |    11 |    20 |    82 |    53 ||   166
Throw: Dart              |       |     4 |     4 |     2 ||    10
Invok: Stomp             |       |       |     1 |     1 ||     2
Evoke: Wand              |       |     1 |     1 |     2 ||     4
  Use: Scroll            |       |     5 |     2 |     1 ||     8
       Potion            |       |       |     3 |     3 ||     6
 Stab: Sleeping          |     7 |    17 |    22 |     4 ||    50
       Paralysed         |       |     1 |     5 |     5 ||    11
       Distracted        |       |     1 |       |     1 ||     2
  Eat: Chunk             |       |    10 |    17 |     7 ||    34
       Ration            |       |       |     1 |       ||     1
Armor: Skin              |     2 |    10 |     8 |     2 ||    22
Dodge: Dodged            |    19 |    49 |   129 |    99 ||   296
